 Dungeon Crawl Stone Soup version 0.19.1 (webtiles) character file.

40439 Vedraith the Fencer (level 13, -19/122 HPs)
             Began as a Minotaur Fighter on Dec 23, 2016.
             Was the Champion of Okawaru.
             Demolished by a very large slime creature (26 damage)
             ... on level 11 of the Dungeon.
             The game lasted 00:46:35 (15151 turns).

Vedraith the Fencer (Minotaur Fighter)             Turns: 15151, Time: 00:46:36

Health: -19/122    AC: 26    Str: 31    XL:     13   Next: 74%
Magic:  12/12      EV:  9    Int:  5    God:    Okawaru [******]
Gold:   1048       SH:  0    Dex: 10    Spells: 0 memorised, 12 levels left

rFire  . . .     SeeInvis .     G - +3 triple sword (holy)
rCold  . . .     Gourm    .     j - +1 chain mail
rNeg   . . .     Faith    .     (shield currently unavailable)
rPois  .         Spirit   .     C - +1 hat {MR+}
rElec  .         Reflect  .     g - +0 cloak
rCorr  .         Harm     .     x - +1 pair of gloves "Peihanesk" {MR+}
MR     ++...                    Q - +2 pair of boots
Stlth  ..........               u - amulet of rage
                                D - +4 ring of protection
                                J - +5 ring of strength

@: no status effects
A: retaliatory headbutt, horns 2
a: Heroism, Finesse, Renounce Religion, Evoke Berserk Rage


You were on level 11 of the Dungeon.
You worshipped Okawaru.
Okawaru was exalted by your worship.
You were not hungry.

You visited 3 branches of the dungeon, and saw 17 of its levels.

You collected 1361 gold pieces.
You spent 313 gold pieces at shops.

Inventory:

Hand Weapons
 t - a +1 scimitar of flaming
 G - a +3 triple sword of holy wrath (weapon)
Armour
 g - a +0 cloak (worn)
 j - a +1 chain mail (worn)
 x - the +1 pair of gloves "Peihanesk" (worn) {MR+}
   (You bought it in a shop on level 6 of the Dungeon)

   It affects your resistance to hostile enchantments.
 C - a +1 hat of magic resistance (worn)
 E - a +2 large shield
 Q - a +2 pair of boots (worn)
Jewellery
 d - an uncursed ring of protection from magic
 f - an uncursed ring of protection from fire
 l - an uncursed ring of poison resistance
 u - an amulet of rage (around neck)
 y - an uncursed ring of flight
 B - an uncursed ring of resist corrosion
 D - a +4 ring of protection (right hand)
 J - a +5 ring of strength (left hand)
 W - an uncursed ring of protection from cold
Wands
 v - a wand of lightning (4/15)
 F - a wand of disintegration (18/24)
Scrolls
 c - a scroll of recharging
 e - a scroll of enchant weapon
 i - 13 scrolls of remove curse
 r - 4 scrolls of magic mapping
 s - a scroll of amnesia
 w - 2 scrolls of fear
 A - a scroll of fog
 R - a scroll of blinking
 T - 3 scrolls of teleportation
Potions
 a - a potion of cancellation
 b - a potion of flight
 p - a potion of cure mutation
 q - 2 potions of curing
 O - a potion of might
 S - 2 potions of haste
Comestibles
 h - 2 bread rations
 m - 7 meat rations
 n - 2 slices of pizza
 N - 7 royal jellies


   Skills:
 + Level 13.3 Fighting
 + Level 17.4 Long Blades
 + Level 13.3 Armour
 + Level 12.2 Shields


You had 12 spell levels left.
You didn't know any spells.

Dungeon Overview and Level Annotations

Branches:
Dungeon (12/15)            Temple (1/1) D:6            Lair (4/6) D:10
  Swamp (0/4) Lair:3        Snake (0/4) Lair:3          Orc (0/2) D:9

Altars:
Ashenzari
Cheibriados
Dithmenos
Elyvilon
Fedhas
Gozag
Hepliaklqana
Kikubaaqudgha
Makhleb
Nemelex Xobeh
Okawaru
Qazlal
Ru
Sif Muna
Trog
Uskayaw
Vehumet
Xom
Yredelemnul
Zin
The Shining One

Shops:
D:6 [   D:7 (   D:9 [(   D:11 %   D:12 %

Annotations:
D:9 exclusion: 2 oklob plants


Innate Abilities, Weirdness & Mutations

You reflexively headbutt those who attack you in melee.
You have a pair of horns on your head.


Message History

Two slime creatures merge to form a very large slime creature.
An adder comes into view.
The adder hisses angrily.
The adder bites you but does no damage.
You slash the adder!
You kill the adder!
Okawaru accepts your kill.
You see here an adder corpse.
You feel much better.
The very large slime creature hits you!!!
* * * LOW HITPOINT WARNING * * *
You hear an angry hiss.
You slash the very large slime creature!
The very large slime creature is moderately wounded.
The very large slime creature hits you but does no damage.
You hit the very large slime creature.
You headbutt the very large slime creature!
The very large slime creature is moderately wounded.
The very large slime creature hits you!!
You die...

############ ########
#........... #......#
#.###....... #......# #.#
#....... #......# #.# #.......
#......# #.###....... #......#
#.#....≈≈≈≈≈
#......###############.#.###≈≈≈≈≈
...............J@†...(.#.###≈≈≈≈≈
#......#############..##.#≈≈≈≈≈≈≈
#...............####..##.≈≈≈≈≈≈≈≈
..........#####...........≈≈≈≈≈≈≈
.......#..#|..#8......####.^≈≈≈≈≈
#.####....#||"[..###[......#≈≈≈≈≈
#.# #..#.#)}.#8.# #.......##≈≈≈≈
#.####....#####..# #.......#####.
#.##....#........###.......## #.


You could see a very large slime creature.

Vanquished Creatures
  Gastronok (Lair:3)
  A sphinx (D:11)
  3 hydras
  Erica (D:8)
  Nergalle (Lair:2)
  Pikel (D:7)
  6 hill giants
  An unseen horror (D:11)
  An orc knight (D:12)
  An orc sorcerer (D:12)
  An ugly thing (D:12)
  A manticore (D:12)
  3 black mambas
  6 elephants (Lair:3)
  6 spiny frogs
  A molten gargoyle (Lair:4)
  A rime drake (Lair:1)
  5 komodo dragons
  A queen bee (D:8)
  A troll (D:9)
  10 blink frogs
  7 polar bears (Lair:4)
  2 hornets
  A two-headed ogre (shapeshifter) (D:11)
  Grinder (D:3)
  4 slime creatures
  8 hippogriffs
  Sigmund (D:6)
  21 yaks
  2 wraiths
  A wyvern (Lair:3)
  2 basilisks
  2 steam dragons
  A mottled dragon (D:11)
  Menkaure (D:6)
  3 wargs
  10 water moccasins
  7 porcupines
  2 ice beasts
  7 orc warriors
  A hornet zombie (D:6)
  The ghost of Edwards80 the Ruffian, an amateur TrMo of Fedhas (D:4)
  2 sky beasts
  An eye of draining (D:8)
  7 ogres
  A phantom (D:4)
  12 centaurs
  8 crocodiles
  6 wolves (Lair:2)
  Blork the orc (D:4)
  2 big kobolds
  A wyvern zombie (D:10)
  9 bullfrogs
  A gnoll sergeant (D:7)
  7 scorpions
  29 killer bees
  4 wights (D:10)
  6 howler monkeys
  3 bullfrog zombies
  3 crimson imps
  16 orc priests
  2 centaur zombies
  3 hounds
  2 jellies (D:10)
  Crazy Yiuf (D:7)
  3 bullfrog skeletons
  A gnoll shaman (D:10)
  15 orc wizards
  A centaur skeleton (D:4)
  Terence (D:3)
  7 iguanas
  Ijyb (D:2)
  4 worker ants
  A killer bee zombie (D:9)
  A worker ant zombie (D:11)
  22 adders
  15 gnolls
  A shadow imp (D:10)
  An ooze (D:2)
  2 adder skeletons
  A worm (D:2)
  3 dart slugs
  8 leopard geckos
  42 orcs
  4 giant cockroaches
  10 goblins
  5 hobgoblins
  8 jackals
  4 quokkas
  4 ball pythons
  10 bats
  5 frilled lizards
  A jackal skeleton (D:4)
  15 kobolds
  A quokka skeleton (D:4)
  2 rats
464 creatures vanquished.

Vanquished Creatures (others)
  A slave (D:7)
  A bullfrog (D:7)
  A gnoll (D:7)
  A fungus (Lair:3)
  2 plants (Lair:3)
6 creatures vanquished.

Grand Total: 470 creatures vanquished

Notes
Turn   | Place    | Note
-------+----------+-------------------------------------------
     0 | D:1      | Vedraith the Minotaur Fighter began the quest for the Orb.
     0 | D:1      | Reached XP level 1. HP: 19/19 MP: 0/0
   191 | D:1      | Reached skill level 3 in Long Blades
   238 | D:1      | Reached XP level 2. HP: 25/26 MP: 1/1
   722 | D:1      | Gained mutation: You have a pair of large horns on your head. [potion of mutation]
   722 | D:1      | Gained mutation: You are robust. (+10% HP) [potion of mutation]
   722 | D:1      | Gained mutation: You are agile. (Dex +2) [potion of mutation]
   807 | D:2      | Reached skill level 4 in Long Blades
   978 | D:2      | Reached XP level 3. HP: 34/34 MP: 2/2
  1154 | D:2      | Reached skill level 5 in Long Blades
  1194 | D:2      | Noticed Ijyb
  1207 | D:2      | Killed Ijyb
  1207 | D:2      | Reached XP level 4. HP: 31/42 MP: 3/3
  1492 | D:3      | Found a radiant altar of Vehumet.
  1913 | D:3      | Reached skill level 6 in Long Blades
  1942 | D:3      | Noticed Terence
  1949 | D:3      | Killed Terence
  1949 | D:3      | Reached XP level 5. HP: 47/49 MP: 4/4
  1997 | D:3      | Noticed Grinder
  2001 | D:3      | Killed Grinder
  2001 | D:3      | Reached skill level 8 in Long Blades
  2001 | D:3      | Reached XP level 6. HP: 43/56 MP: 5/5
  2357 | D:4      | Found a sacrificial altar of Ru.
  2379 | D:4      | Reached skill level 9 in Long Blades
  2379 | D:4      | Reached XP level 7. HP: 58/62 MP: 6/6
  2433 | D:4      | Found an ancient bone altar of Kikubaaqudgha.
  2529 | D:4      | Noticed Edwards80's ghost (amateur TrMo)
  2544 | D:4      | Killed Edwards80's ghost
  2544 | D:4      | Reached skill level 10 in Long Blades
  2688 | D:4      | Found a sacrificial altar of Ru.
  2759 | D:4      | Noticed Blork the orc
  2769 | D:4      | Killed Blork the orc
  2898 | D:5      | Entered Level 5 of the Dungeon
  2898 | D:5      | Found a hide-covered altar of Uskayaw.
  2962 | D:5      | Reached skill level 11 in Long Blades
  3013 | D:5      | Found a snail-covered altar of Cheibriados.
  3066 | D:5      | Reached XP level 8. HP: 60/70 MP: 7/7
  3831 | D:6      | Found a staircase to the Ecumenical Temple.
  3838 | D:6      | Reached skill level 12 in Long Blades
  3876 | D:6      | Noticed Menkaure
  3879 | D:6      | Killed Menkaure
  3989 | Temple   | Entered the Ecumenical Temple
  4290 | D:6      | Found Omijuh's Antique Armour Boutique.
  4295 | D:6      | Bought a pair of crude gloves for 313 gold pieces
  4300 | D:6      | Identified the +1 pair of gloves "Peihanesk" {MR+} (You bought it in a shop on level 6 of the Dungeon)
  4323 | D:6      | Found a basalt altar of Yredelemnul.
  4476 | D:6      | Noticed Sigmund
  4483 | D:6      | Killed Sigmund
  4483 | D:6      | Reached skill level 13 in Long Blades
  4584 | D:6      | Found an opulent altar of Gozag.
  4831 | D:6      | Reached XP level 9. HP: 66/79 MP: 8/8
  4949 | D:7      | Reached skill level 5 in Fighting
  4952 | D:7      | Reached skill level 5 in Armour
  4962 | D:7      | Reached skill level 5 in Shields
  5156 | D:7      | Found Riri's Antique Weapon Emporium.
  5186 | D:7      | Noticed Pikel
  5219 | D:7      | Killed Pikel
  5262 | D:7      | Reached XP level 10. HP: 64/92 MP: 9/9
  5379 | D:7      | Reached skill level 14 in Long Blades
  5643 | D:7      | Found a glowing golden altar of the Shining One.
  5648 | D:7      | Found an iron altar of Okawaru.
  5656 | D:7      | Became a worshipper of Warmaster Okawaru
  5910 | D:7      | Found a runed door.
  6160 | D:7      | Noticed Crazy Yiuf
  6164 | D:7      | Killed Crazy Yiuf
  6284 | D:8      | Noticed Erica
  6298 | D:8      | Killed Erica
  6354 | D:8      | Reached * piety under Okawaru
  6859 | D:8      | Found a stormy altar of Qazlal.
  6879 | D:8      | Reached ** piety under Okawaru
  7390 | D:9      | Reached XP level 11. HP: 102/104 MP: 10/10
  7445 | D:9      | Found a blossoming altar of Fedhas.
  7447 | D:9      | Noticed an oklob plant
  7447 | D:9      | Noticed an oklob plant
  7583 | D:9      | Found Gahishot's Armour Boutique.
  7584 | D:9      | Found a staircase to the Orcish Mines.
  7585 | D:9      | Found Ilat's Weapon Boutique.
  7605 | D:9      | Reached *** piety under Okawaru
  7802 | D:9      | Found a burning altar of Makhleb.
  8143 | D:10     | Entered Level 10 of the Dungeon
  8441 | D:10     | Reached **** piety under Okawaru
  8642 | D:10     | Found a staircase to the Lair.
  8711 | D:10     | Received a gift from Okawaru
  8739 | D:10     | Found a white marble altar of Elyvilon.
  8750 | D:10     | Reached skill level 15 in Long Blades
  9079 | D:10     | Noticed a hill giant
  9088 | D:10     | Killed a hill giant
  9245 | D:10     | Found a deep blue altar of Sif Muna.
  9346 | Lair:1   | Entered Level 1 of the Lair of Beasts
  9544 | Lair:1   | Reached skill level 10 in Shields
  9573 | Lair:1   | Reached skill level 10 in Armour
  9633 | Lair:1   | Reached skill level 10 in Fighting
  9643 | Lair:1   | Noticed a four-headed hydra
  9649 | Lair:1   | Killed a one-headed hydra
  9649 | Lair:1   | Reached ***** piety under Okawaru
 10010 | Lair:1   | Lost mutation: You are agile. (Dex +2) [potion of cure mutation]
 10010 | Lair:1   | Lost mutation: You are robust. (+10% HP) [potion of cure mutation]
 10010 | Lair:1   | Lost mutation: You have a pair of large horns on your head. [potion of cure mutation]
 10149 | Lair:2   | Noticed Nergalle
 10171 | Lair:2   | Noticed a spectral orc warlord
 10171 | Lair:2   | Killed Nergalle
 10171 | Lair:2   | Reached XP level 12. HP: 59/106 MP: 11/11
 11193 | Lair:3   | Found a staircase to the Swamp.
 11242 | Lair:3   | Found a staircase to the Snake Pit.
 11316 | Lair:3   | Noticed a six-headed hydra
 11324 | Lair:3   | Killed a two-headed hydra
 11324 | Lair:3   | Reached skill level 16 in Long Blades
 11408 | Lair:3   | Received a gift from Okawaru
 11676 | Lair:3   | Noticed Gastronok
 11693 | Lair:3   | Killed Gastronok
 11693 | Lair:3   | Reached ****** piety under Okawaru
 11693 | Lair:3   | Received a gift from Okawaru
 12097 | Lair:4   | Reached XP level 13. HP: 117/117 MP: 12/12
 13426 | D:11     | Found a runed door.
 13531 | D:11     | Found Joemiej's Food Shop.
 13657 | D:11     | Found a shimmering altar of Xom.
 13659 | D:11     | Found a shattered altar of Ashenzari.
 13659 | D:11     | Found a stormy altar of Qazlal.
 13668 | D:11     | Received a gift from Okawaru
 13686 | D:11     | Found a deep blue altar of Sif Muna.
 13686 | D:11     | Found a white marble altar of Elyvilon.
 13686 | D:11     | Found an ancient bone altar of Kikubaaqudgha.
 13845 | D:11     | Noticed a sphinx
 13856 | D:11     | Reached skill level 17 in Long Blades
 13869 | D:11     | Killed a sphinx
 14573 | D:12     | Found Jafetudy's Food Shoppe.
 15151 | D:11     | Demolished by a very large slime creature

Skill      XL: |  1  2  3  4  5  6  7  8  9 10 11 12 13 |
---------------+----------------------------------------+-----
Long Blades    | 3 4 5 6 8 9 11 13 14 15 16 17 | 17.4
Fighting       | 4 6 8 10 11 13 | 13.3
Armour         | 4 6 8 10 11 13 | 13.3
Shields        | 4 6 8 10 11 12 | 12.2

Action                   |  1- 3 |  4- 6 |  7- 9 | 10-12 | 13-15 || total
-------------------------+-------+-------+-------+-------+-------++-------
Melee: Long sword        |    84 |    84 |   279 |   115 |       ||   562
       Headbutt          |     6 |    12 |    60 |   188 |    67 ||   333
       Scimitar          |       |       |       |   787 |     3 ||   790
       Triple sword      |       |       |       |     5 |   248 ||   253
Invok: Heroism           |       |       |       |     4 |     1 ||     5
  Use: Potion            |     7 |     1 |     4 |     6 |     8 ||    26
       Scroll            |     4 |       |     7 |    12 |     6 ||    29
 Stab: Invisible         |       |       |       |     1 |       ||     1
  Eat: Bread ration      |     1 |       |       |     2 |     1 ||     4
       Chunk             |       |     1 |     8 |    13 |     5 ||    27
       Beef jerky        |       |       |     1 |     1 |       ||     2
Armor: Chain mail        |    42 |    32 |   116 |   329 |   176 ||   695
       Scale mail        |     3 |       |       |       |       ||     3
Dodge: Dodged            |    17 |    15 |    38 |    99 |   112 ||   281
Block: Shield            |    43 |    37 |    86 |       |       ||   166
       Large shield      |       |       |    47 |   795 |       ||   842
       Rpst.: Long sword |     3 |     6 |    10 |     5 |       ||    24
       Scimitar          |       |       |       |    19 |       ||    19
       Triple sword      |       |       |       |       |    27 ||    27
